 Dungeon Crawl Stone Soup version 0.30.0-10-gfe55d96785 (webtiles) character file.

Game seed: 8751957041238112083

3789 Danienth the Trooper (level 10, -5/83 (86) HPs)
             Began as a Hill Orc Monk on May 15, 2023.
             Was an Initiate of Vehumet.
             Slain by a polar bear (21 damage)
             ... on level 8 of the Dungeon.
             The game lasted 00:44:21 (7144 turns).

Danienth the Trooper (Hill Orc Monk)                Turns: 7144, Time: 00:44:24

HP:   -5/83 (86)    AC:  9    Str: 17    XL:     10   Next: 16%
MP:   12/12         EV: 13    Int: 18    God:    Vehumet [......]
Gold: 496           SH:  0    Dex: 13    Spells: 9/12 levels left

rFire   . . .        b - +9 great sword of Woe {flame, Int+2}
rCold   . . .        (shield currently unavailable)
rNeg    . . .        e - +0 leather armour
rPois   +            (helmet restricted)
rElec   .            k - +0 cloak
rCorr   .            y - +1 pair of gloves
SInv    .            p - +1 pair of boots
Will    .....        n - amulet of faith
Stlth   ++           P - +6 ring of intelligence
HPRegen 0.33/turn    I - ring of poison resistance
MPRegen 0.13/turn

%: faith
@: lightly drained
A: antennae 1, clumsy 1, sense surroundings 1
a: Renounce Religion


You were on level 8 of the Dungeon.
You worshipped Vehumet.
Vehumet was noncommittal.
You visited 1 branch of the dungeon, and saw 8 of its levels.
You also visited: Sewer.

You collected 496 gold pieces.

Inventory:

Hand Weapons
 b - the +9 great sword of Woe (weapon) {flame, Int+2}
   (You acquired it on level 8 of the Dungeon)

   Int:       It affects your intelligence (+2).
 i - a +2 short sword of venom
 B - a +4 flail of protection
 H - a +2 falchion of flaming
 N - the +4 whip of Ignis, Fortifying {spect, Dex+3}
   (You found it on level 5 of the Dungeon)

   Dex:       It affects your dexterity (+3).
Missiles
 v - a poisoned dart (quivered)
 w - 6 boomerangs
 F - 4 atropa-tipped darts
 J - 4 curare-tipped darts
Armour
 d - an orb of light
 e - a +0 leather armour (worn)
 k - a +0 cloak (worn)
 p - a +1 pair of boots (worn)
 y - a +1 pair of gloves (worn)
Jewellery
 l - an amulet of the acrobat
 n - an amulet of faith (around neck)
 r - a ring of fire
 I - a ring of poison resistance (right hand)
 P - a +6 ring of intelligence (left hand)
Wands
 a - a wand of digging (5)
Scrolls
 g - a scroll of fog
 j - 6 scrolls of teleportation
 G - a scroll of vulnerability {unknown}
 K - a scroll of enchant weapon {unknown}
 L - a scroll of amnesia {unknown}
Potions
 f - 3 potions of attraction
 h - 2 potions of flight
 s - a potion of mutation
 u - 2 potions of brilliance
 C - a potion of haste {unknown}


   Skills:
 * Level 7.3 Fighting
 + Level 4.8(5.6) Short Blades
 + Level 4.7(5.9) Long Blades
 - Level 5.0(5.6) Axes
 - Level 3.3(4.3) Maces & Flails
 + Level 4.3 Throwing
 * Level 5.1 Armour
 + Level 4.3 Dodging
 * Level 4.1 Stealth
 + Level 0.9 Shields
 * Level 1.8 Spellcasting
 * Level 2.3 Summonings
 * Level 1.9 Invocations
 * Level 1.4 Evocations


You had 9 spell levels left.
You knew the following spells:

 Your Spells              Type           Power      Damage    Failure   Level
a - Call Canine Familiar  Summ           10%        N/A       24%         3

Your spell library contained the following spells:

 Spells                   Type           Power      Damage    Failure   Level
 Passage of Golubria      Tloc           1%         N/A       91%         4
 Summon Mana Viper        Hex/Summ       5%         N/A       98%         5
 Summon Horrible Things   Summ           5%         N/A       100%        8


Dungeon Overview and Level Annotations

Branches:
Dungeon (8/15)             Temple (0/1) D:7           Sewer (visited)
   Lair: D:8-11

Altars:
Cheibriados
Vehumet
The Shining One


Innate Abilities, Weirdness & Mutations

You have a pair of small antennae on your head.
You are clumsy. (Dex -2)
You passively map a small area around you.


Message History

You start removing your armour.
You continue taking off your orb of light.
The polar bear barely misses you. x2; The polar bear claws you.
You continue taking off your orb of light.
The polar bear goes berserk!
You continue taking off your orb of light.
The polar bear completely misses you.
The polar bear claws you but does no damage.
The polar bear barely misses you. The polar bear bites you!
The polar bear completely misses you.
The polar bear claws you but does no damage.
You continue taking off your orb of light.
The polar bear bites you but does no damage.
The polar bear claws you. x2
* * * LOW HITPOINT WARNING * * *
You finish taking off your orb of light.
Okay, then.
You feel clever.
The +9 great sword of Woe {flame, Int+2} bursts into flame!
b - the +9 great sword of Woe (weapon)
{flame, Int+2} The polar bear barely misses you. x2
The polar bear claws you but does no damage.
You feel better. The polar bear bites you.
The polar bear claws you but does no damage. x2
You are too injured to fight recklessly!
You hit the polar bear but do no damage.
The polar bear is almost dead.
The polar bear closely misses you.
The polar bear claws you but does no damage. x2
The polar bear bites you. The polar bear claws you.
* * * LOW HITPOINT WARNING * * *
The polar bear barely misses you.
It was a potion of magic.
Magic courses through your body.
The polar bear bites you but does no damage.
The polar bear claws you.
* * * LOW HITPOINT WARNING * * *
The polar bear claws you.
* * * LOW HITPOINT WARNING * * *
The polar bear bites you!!
You die...

#.###..!...........$
#...#########.....##
###.# #...#......,
#.# #.##.###..# #.#
#.##.# #.# #.##Y# ,*
, #.# #.#5#(# * ,
#.# #.h###5# * ~
#.######@## *#Y.
#....)....# ,... ,
########.#.# ....
#..... , ... #######
... **


You could see a polar bear (berserk, very poisoned), an ice beast and a white
imp.

Vanquished Creatures
  A troll (D:7)
  A polar bear (D:8)
  Grinder (D:4)
  2 yaks (D:8)
  A steam dragon (D:7)
  Menkaure (D:5)
  Edmund (D:5)
  Duvessa (D:5)
  A water moccasin (D:4)
  A sky beast (D:6)
  2 ice beasts (D:8)
  2 black bears
  3 phantoms
  Blork the orc (D:5)
  6 kobold brigands
  A bullfrog (D:7)
  2 scorpions
  5 wights (D:8)
  Dowan (D:5)
  A howler monkey (D:7)
  3 hounds
  4 jellies
  An orc priest (D:5)
  Crazy Yiuf (D:5)
  An iguana (D:7)
  A sleepcap (D:6)
  2 orc wizards
  5 gnolls
  6 adders
  4 white imps
  A howler monkey simulacrum (D:8)
  An ufetubus (D:4)
  2 worms (D:3)
  2 dart slugs (D:4)
  11 orcs
  8 bats
  9 endoplasms
  4 giant cockroaches
  6 goblins
  9 hobgoblins
  A quokka (D:5)
  8 ball pythons
  4 frilled lizards
  29 kobolds
  8 rats
166 creatures vanquished.

Notes
Turn   | Place    | Note
-------+----------+-------------------------------------------
     0 | D:1      | Danienth the Hill Orc Monk began the quest for the Orb.
     0 | D:1      | Reached XP level 1. HP: 19/19 MP: 1/1
    78 | D:1      | Reached XP level 2. HP: 17/27 MP: 2/2
   231 | D:1      | Reached skill level 4 in Fighting
   395 | D:1      | Reached XP level 3. HP: 30/33 MP: 3/3
  1613 | D:2      | Reached XP level 4. HP: 35/40 MP: 4/4
  1857 | D:3      | Reached skill level 5 in Axes
  1857 | D:3      | Reached skill level 1 in Armour
  1995 | D:3      | Reached skill level 1 in Short Blades
  2119 | D:3      | Noticed a kobold brigand
  2140 | D:3      | Killed a kobold brigand
  2141 | D:3      | Reached XP level 5. HP: 34/47 MP: 5/5
  2296 | D:3      | Found a glowing golden altar of the Shining One.
  2313 | D:3      | Became a worshipper of the Shining One
  2313 | D:3      | Reached * piety under the Shining One
  2313 | D:3      | Reached ** piety under the Shining One
  2384 | D:3      | Found a glowing drain.
  2406 | Sewer    | Entered a sewer
  2546 | Sewer    | Noticed a kobold brigand
  2546 | Sewer    | Noticed a kobold brigand
  2567 | Sewer    | Killed a kobold brigand
  2568 | Sewer    | Reached skill level 1 in Long Blades
  2568 | Sewer    | Reached XP level 6. HP: 26/53 MP: 3/6
  2578 | Sewer    | Reached skill level 1 in Stealth
  3335 | D:4      | Reached XP level 7. HP: 57/60 MP: 7/7
  3360 | D:4      | Noticed Grinder
  3372 | D:4      | Killed Grinder
  3373 | D:4      | Reached skill level 5 in Fighting
  3975 | D:4      | Reached skill level 1 in Throwing
  3975 | D:4      | Reached XP level 8. HP: 60/69 MP: 8/8
  4068 | D:5      | Entered Level 5 of the Dungeon
  4089 | D:5      | Noticed Blork the orc
  4105 | D:5      | Killed Blork the orc
  4389 | D:5      | Found a runed translucent door.
  4390 | D:5      | Noticed Crazy Yiuf
  4397 | D:5      | Killed Crazy Yiuf
  4453 | D:5      | Found a snail-covered altar of Cheibriados.
  4561 | D:5      | Noticed Edmund
  4572 | D:5      | Killed Edmund
  4581 | D:5      | Reached *** piety under the Shining One
  4591 | D:5      | Reached skill level 6 in Fighting
  4650 | D:5      | Noticed Duvessa
  4655 | D:5      | Noticed Dowan
  4661 | D:5      | Killed Duvessa
  4674 | D:5      | Killed Dowan
  4794 | D:5      | Identified the +4 whip of Ignis, Fortifying {spect, Dex+3}
  4850 | D:5      | Noticed Menkaure
  4857 | D:5      | Killed Menkaure
  4858 | D:5      | Reached XP level 9. HP: 61/75 MP: 9/9
  5292 | D:6      | Reached skill level 1 in Maces & Flails
  5454 | D:6      | Got the Discourse on Productive Correspondence
  5459 | D:6      | Learned a level 3 spell: Call Canine Familiar
  5940 | D:7      | Found a staircase to the Ecumenical Temple.
  6191 | D:7      | Reached skill level 1 in Spellcasting
  6191 | D:7      | Reached skill level 1 in Summonings
  6319 | D:7      | Noticed a troll
  6329 | D:7      | Killed a troll
  6621 | D:7      | Found a radiant altar of Vehumet.
  6624 | D:7      | Fell from the grace of the Shining One
  6624 | D:7      | Became a worshipper of Vehumet
  6797 | D:8      | Noticed a polar bear
  6807 | D:8      | Killed a polar bear
  6808 | D:8      | Reached skill level 7 in Fighting
  6831 | D:8      | Gained mutation: You are clumsy. (Dex -2) [potion of
                  | mutation]
  6831 | D:8      | Gained mutation: You passively map a small area around you.
                  | [potion of mutation]
  6831 | D:8      | Gained mutation: You have a pair of small antennae on your
                  | head. [potion of mutation]
  6836 | D:8      | Reached skill level 1 in Invocations
  6841 | D:8      | Reached skill level 5 in Armour
  6845 | D:8      | Reached skill level 1 in Evocations
  6845 | D:8      | Reached XP level 10. HP: 43/86 MP: 12/12
  7134 | D:8      | Identified a scroll of acquirement
  7134 | D:8      | Acquired the +9 great sword of Woe {flame, Int+2}
  7144 | D:8      | Slain by a polar bear

Illustrated notes

Levels and vault maps discovered:
D:1:      minmay_arrival_loop, layout_loops_ring, chequers_serial_rivers_micro_a
D:2:      kb_forest_paths, layout_basic
D:3:      cheibrodos_thug_alley, layout_loops_ring, lemuel_round_altar,
          cheibrodos_sewer_entry_bend, chequers_jeans, item_on_display_a
D:4:      layout_loops_ring, uniq_grinder
D:5:      layout_rooms, kennysheep_little_box, chequers_arboretum,
          grunt_ministairs_1, uniq_edmund, uniq_blork_the_orc, uniq_menkaure,
          uniq_duvessa, uniq_crazy_yiuf_cottage
D:6:      layout_basic, corexii_checkpoint_a
D:7:      layout_gridville, kennysheep_mini, minmay_temple_entry_large_hall,
          minivault_22
D:8:      layout_loops_ring, serial_ice, serial_ice_f, serial_ice_c,
          serial_ice_m, serial_ice_e, chequers_serial_rivers_large_a,
          nrook_mini_vaults, nicolae_shop_dragon_depot, nicolae_zen_rock_garden

Skill      XL: |  1  2  3  4  5  6  7  8  9 10 |
---------------+-------------------------------+-----
Fighting       | 4 5 6 7 |  7.3
Axes           | 5 |  5.0
Armour         | 1 2 3 4 5 |  5.1
Short Blades   | 2 3 4 |  4.8
Dodging        | 3 4 |  4.3
Long Blades    | 1 2 4 |  4.7
Stealth        | 1 2 3 4 |  4.1
Throwing       | 1 2 4 |  4.3
Maces & Flails | 2 3 |  3.3
Spellcasting   | 1 |  1.8
Summonings     | 2 |  2.3
Invocations    | 1 |  1.9
Evocations     | 1 |  1.4
Shields        | |  0.9

Action                     |  1- 3 |  4- 6 |  7- 9 | 10-12 || total
---------------------------+-------+-------+-------+-------++-------
  Melee: Hand axe          |    31 |       |       |       ||    31
         Short sword       |    50 |   132 |       |       ||   182
         Falchion          |       |     6 |    96 |       ||   102
         Whip              |       |       |   112 |    43 ||   155
         Great sword       |       |       |       |     1 ||     1
  Throw: Dart              |       |     7 |   119 |     5 ||   131
         Boomerang         |       |       |       |     8 ||     8
 Invoke: Divine Shield     |       |     1 |       |       ||     1
    Use: Scroll            |       |     8 |     3 |     5 ||    16
         Potion            |       |     1 |     9 |     5 ||    15
 Armour: Leather armour    |    24 |    31 |    47 |    29 ||   131
  Dodge: Dodged            |    38 |    85 |   133 |    56 ||   312
  Block: Orb               |       |    11 |       |       ||    11
